 Dungeon Crawl Stone Soup version 0.21.1-1-g345015f (webtiles) character file.

322 Mirai the Sneak (level 6, -1/32 HPs)
             Began as a Kobold Enchanter on May 3, 2018.
             Slain by an orc
             ... wielding a +0 flail
              (6 damage)
             ... on level 2 of the Dungeon.
             The game lasted 00:10:50 (3716 turns).

Mirai the Sneak (Kobold Enchanter)                  Turns: 3716, Time: 00:10:51

Health: -1/32      AC:  6    Str:  8 (10) XL:     6   Next: 76%
Magic:  4/11       EV: 17    Int: 14 (16) God:
Gold:   127        SH:  0    Dex: 17 (18) Spells: 8/11 levels left

rFire    + . .     SeeInvis .   k - +2 dagger (protect)
rCold    . . .     Gourm    .   (shield restricted)
rNeg     . . .     Faith    .   b - +0 robe
rPois    .         Spirit   .   (no helmet)
rElec    .         Reflect  .   l - +0 cloak
rCorr    .         Harm     .   (no gloves)
MR       .....                  j - +2 pair of boots
Stlth    +++.......             (no amulet)
HPRegen  0.10/turn              u - ring of protection from fire
MPRegen  0.12/turn              (no ring)

@: mighty
A: small, carnivore
a: no special abilities


You were on level 2 of the Dungeon.
You were very full.

You visited 1 branch of the dungeon, and saw 3 of its levels.

You collected 127 gold pieces.

Inventory:

Hand Weapons
 e - a +1 dagger of holy wrath
 k - a +2 dagger of protection (weapon)
 q - a +0 rapier
Armour
 b - a +0 robe (worn)
 j - a +2 pair of boots (worn)
 l - a +0 cloak (worn)
 n - a +2 ring mail of fire resistance
 p - a +0 cloak
Jewellery
 u - a ring of protection from fire (left hand)
Scrolls
 a - 2 scrolls of teleportation
 f - a scroll of remove curse {unknown}
 h - a scroll of amnesia {unknown}
 i - a scroll of enchant armour {unknown}
 t - a scroll of enchant weapon {unknown}
Potions
 g - a potion of might
Books
 c - a book of Maledictions

   Spells                             Type                      Level
   a - Corona                         Hexes                        1
   b - Ensorcelled Hibernation        Hexes/Ice                    2
   c - Confuse                        Hexes                        3
   d - Tukima's Dance                 Hexes                        3
   e - Dazzling Spray                 Conjuration/Hexes            3
 m - a book of Enchantments

   Spells                             Type                      Level
   a - Cause Fear                     Hexes                        4
   b - Yara's Violent Unravelling     Hexes/Transmutation          5
   c - Silence                        Hexes/Air                    5
   d - Deflect Missiles               Charms/Air                   6
   e - Discord                        Hexes                        8
Comestibles
 d - 6 rations
 s - 3 chunks of flesh


   Skills:
 + Level 3.8 Short Blades
 + Level 4.1 Dodging
 + Level 5.6 Stealth
 + Level 3.4 Spellcasting
 + Level 4.1 Hexes


You had 8 spell levels left.
You knew the following spells:

 Your Spells              Type           Power        Failure   Level  Hunger
a - Corona                Hex            ##.....      3%          1    #......
b - Ensorcelled Hibernat  Hex/Ice        #.....       13%         2    ##.....


Dungeon Overview and Level Annotations

Branches:
Dungeon (3/15)

Altars:


Innate Abilities, Weirdness & Mutations

You are small and have problems with some larger weapons.
You are carnivorous and can eat meat at any time.


Message History

The orc wizard hits you but does no damage.
As you read the scroll of teleportation, it crumbles to dust.
You feel strangely unstable. The orc wizard completely misses you.
The orc wizard hits you but does no damage.
Your surroundings suddenly seem different.
Found a stone staircase leading up.
There is a stone staircase leading up here.
The orc hits you with a flail.
* * * LOW HITPOINT WARNING * * *
You climb upwards.
There is a stone staircase leading down here.
Unknown command.
Casting: Ensorcelled Hibernation
Confirm with . or Enter, or press ? or * to list all spells.
Aiming: Ensorcelled Hibernation
Press: ? - help, Shift-Dir - straight line, f - orc
Aim: an orc, wielding a flail and wearing a ring mail (chance to defeat MR: 57%)
The orc resists with significant effort.
The orc hits you with a flail.
You die...

# # ### ############# #.[
#.....##....#### #####.#
#.....#........###......
#.....#@........##......
#.....#.o.............(.
#..........#.##.###..... ######
##......##.#.#........## #....#
#........#.#.#.#.####... #[...#
#.......................
#....####............#.#..#.....
#.......#............#.#..#...##
#.......####.........#.#..)<..##


You could see an orc.

Vanquished Creatures
  3 orc priests (D:3)
  An orc wizard (D:2)
  4 gnolls (D:2)
  8 adders
  2 dart slugs
  A leopard gecko (D:3)
  12 orcs
  2 giant cockroaches (D:1)
  6 goblins
  7 hobgoblins
  6 jackals
  9 kobolds
  A quokka (D:3)
  A ball python (D:3)
  9 bats
  A frilled lizard (D:2)
  11 rats
84 creatures vanquished.

Notes
Turn   | Place    | Note
-------+----------+-------------------------------------------
     0 | D:1      | Mirai the Kobold Enchanter began the quest for the Orb.
     0 | D:1      | Reached XP level 1. HP: 10/10 MP: 3/3
   158 | D:1      | Reached XP level 2. HP: 8/15 MP: 5/5
   877 | D:1      | Learned a level 2 spell: Ensorcelled Hibernation
  1126 | D:1      | Reached XP level 3. HP: 19/19 MP: 6/6
  1724 | D:2      | Reached XP level 4. HP: 24/24 MP: 2/7
  2248 | D:2      | Reached XP level 5. HP: 22/28 MP: 4/9
  2477 | D:2      | Reached skill level 5 in Stealth
  3234 | D:3      | Reached XP level 6. HP: 32/32 MP: 7/10
  3716 | D:2      | Slain by an orc

Skill      XL: |  1  2  3  4  5  6 |
---------------+-------------------+-----
Short Blades   | 2 3 |  3.8
Dodging        | 3 4 |  4.1
Stealth        | 5 |  5.6
Spellcasting   | 3 |  3.4
Hexes          | 4 |  4.1

Action                   |  1- 3 |  4- 6 || total
-------------------------+-------+-------++-------
Melee: Dagger            |   139 |   237 ||   376
 Cast: Corona            |     5 |       ||     5
       Ensorcelled Hiber |     5 |    50 ||    55
  Use: Scroll            |     1 |     1 ||     2
       Potion            |       |     3 ||     3
 Stab: Sleeping          |    11 |    29 ||    40
  Eat: Chunk             |    10 |    10 ||    20
Armor: Robe              |    21 |   109 ||   130
Dodge: Dodged            |   138 |   282 ||   420
